 Dungeon Crawl Stone Soup version 0.28.0-45-g0d030f2227 (webtiles) character file.

Game seed: 10610240508860563901

12869 argonath2 the Basher (level 11, -4/103 HPs)
             Began as a Deep Dwarf Fighter on May 5, 2022.
             Was an Initiate of Yredelemnul.
             Slain by a +0 flail of chaos (5 damage)
             ... on level 11 of the Dungeon.
             The game lasted 00:50:25 (8219 turns).

argonath2 the Basher (Deep Dwarf Fighter)           Turns: 8219, Time: 00:50:25

Health: -4/103     AC: 16    Str: 30    XL:     11   Next: 68%
Magic:  1/3        EV: 13    Int:  9    God:    Yredelemnul [......]
Gold:   705        SH:  0    Dex: 12    Spells: 10/10 levels left

rFire   + . .      SeeInvis .   H - +4 great sword
rCold   . . .      Faith    .   (shield currently unavailable)
rNeg    . . .      Spirit   .   v - +4 ring mail {rF+}
rPois   .          Reflect  .   (no helmet)
rElec   .          Harm     .   (no cloak)
rCorr   .          Rampage  .   (no gloves)
Will    +....                   u - +0 pair of boots
Stlth   ++........              (no amulet)
HPRegen 0.00/turn               C - +6 ring of strength
MPRegen 0.08/turn               x - +4 ring of protection

@: studying Transmutations
A: damage resistance, heal wounds, sense surroundings 2, no regeneration
a: Heal Wounds, Renounce Religion, Recall Undead Harvest


You were on level 11 of the Dungeon.
You worshipped Yredelemnul.
Yredelemnul was noncommittal.
You visited 1 branch of the dungeon, and saw 11 of its levels.

You collected 881 gold pieces.
You spent 176 gold pieces at shops.

Inventory:

Hand Weapons
 l - the +5 rapier of Jom Daol {freeze, Str+5 Int+5}
   (You found it on level 2 of the Dungeon)

   It freezes those it strikes, dealing additional cold damage.
   It can also slow down cold-blooded creatures.
   Str:       It affects your strength (+5).
   Int:       It affects your intelligence (+5).
 q - a +4 shortbow
 r - the +7 whip "Jewohau" {protect, rC+}
   (You found it on level 3 of the Dungeon)

   It grants its wielder temporary protection when it strikes (+7 to AC).
   rC:        It protects you from cold.
 H - a +4 great sword (weapon)
 I - a +3 scimitar of freezing
Missiles
 g - 187 arrows
 y - 6 boomerangs (quivered)
Armour
 c - a +0 buckler
 u - a +0 pair of boots (worn)
 v - a +4 ring mail of fire resistance (worn)
 B - a +2 ring mail of fire resistance
Jewellery
 b - a ring of willpower
 x - a +4 ring of protection (right hand)
 C - a +6 ring of strength (left hand)
Wands
 j - a wand of acid (14)
 k - a wand of mindburst (14)
 n - a wand of flame (40)
 A - a wand of iceblast (5)
 E - a wand of charming (3)
Scrolls
 e - 3 scrolls of teleportation
 h - a scroll of fear
 p - 2 scrolls of magic mapping {unknown}
 t - a scroll of amnesia {unknown}
 w - a scroll of silence {unknown}
 z - 2 scrolls of blinking {unknown}
 D - 2 scrolls of acquirement {unknown}
 J - a scroll of identify
 K - a scroll of fog
Potions
 a - 2 potions of lignification
 d - a potion of might
 f - 5 potions of mutation
 m - a potion of haste
 o - 3 potions of attraction
 s - 4 potions of curing
 F - a potion of invisibility
 G - 4 potions of heal wounds


   Skills:
 + Level 7.8 Fighting
 + Level 2.4(4.1) Short Blades
 + Level 5.5(5.9) Long Blades
 + Level 3.1(7.5) Axes
 + Level 9.8(10.0) Maces & Flails
 + Level 2.1 Bows
 + Level 2.3 Throwing
 + Level 8.3 Armour
 + Level 6.6 Dodging
 + Level 3.7 Stealth
 + Level 6.2 Shields
 + Level 3.1 Invocations
 + Level 3.5 Evocations


You had 10 spell levels left.
You didn't know any spells.
Your spell library contained the following spells:

 Spells                   Type           Power      Damage    Failure   Level
 Pain                     Necr           0%         1d4       50%         1
 Corpse Rot               Necr/Air       0%         N/A       63%         2
 Poisonous Vapours        Pois/Air       0%         N/A       63%         2
 Tukima's Dance           Hex            0%         N/A       86%         3
 Anguish                  Hex/Necr       0%         N/A       99%         4
 Passage of Golubria      Tloc           0%         N/A       99%         4
 Agony                    Necr           0%         N/A       100%        5
 Excruciating Wounds      Necr           0%         N/A       100%        5
 Summon Forest            Summ/Tloc      0%         N/A       100%        5
 Summon Mana Viper        Hex/Summ       0%         N/A       100%        5
 Yara's Violent Unravell  Hex/Tmut       0%         3d3       100%        5
 Summon Cactus Giant      Summ           0%         N/A       100%        6
 Enfeeble                 Hex            0%         N/A       100%        7


Dungeon Overview and Level Annotations

Branches:
Dungeon (11/15)            Temple (0/1) D:7            Lair (0/6) D:11
    Orc: D:9-12

Altars:
Elyvilon
Fedhas
Makhleb
Qazlal
Ru
Trog
Uskayaw
Wu Jian
Xom
Yredelemnul

Shops:
D:4 ([

Portals:
Ossuary: D:6

Annotations:
D:11 jacek's ghost, journeyman DDCA


Innate Abilities, Weirdness & Mutations

You are resistant to damage.
You can heal yourself by infusing magical energy.
You passively map the area around you.
You do not regenerate.


Message History

Jacek's ghost hits you but does no damage.
The +0 flail of chaos hits you.
You are confused.
You are too confused!
You are too confused!
You clumsily bash the +0 flail of chaos but do no damage.
The +0 flail of chaos hits you. The +0 flail of chaos burns you.
Jacek's ghost hits you but does no damage.
The +0 flail of chaos hits you! You resist with almost no effort.
Jacek's ghost wails.
Jacek's ghost hits you.
The +0 flail of chaos hits you but does no damage.
You are too confused!
H - a +4 great sword (weapon)
The +0 flail of chaos hits you but does no damage.
You are poisoned.
You closely miss the +0 flail of chaos.
Jacek's ghost hits you but does no damage.
The +0 flail of chaos hits you! The +0 flail of chaos burns you.
Jacek's ghost completely misses you. The +0 flail of chaos hits you!
* * * LOW HITPOINT WARNING * * *
You are electrocuted!
* * * LOW HITPOINT WARNING * * *
You are too confused!
You are too confused!
Unknown command.
The +0 flail of chaos completely misses you.
Jacek's ghost barely misses you.
You feel less confused. Jacek's ghost closely misses you.
The +0 flail of chaos closely misses you.
The +0 flail of chaos hits you but does no damage.
Jacek's ghost misses you. The +0 flail of chaos misses you.
You are no longer poisoned.
The +0 flail of chaos hits you.
* * * LOW HITPOINT WARNING * * *
The +0 flail of chaos hits you!
You die...
Your body rises from the dead as a mindless zombie.

.................................
.................Y.Y.............
.....#########..#######..#######.
.....# ####..# #..# #.
.....##########.#..## #..# #.
.............#._'...# #..# #.
.............##$#...###..#######.
.....############(...............
)....# #..@W...............
.....# #..#####..#########.
.....# #.)# #..# #. .....# #..#
#..# #. .....# #..# #..# #.
.....#########..#####..#########.
.................................
.................................
..######..#####..######..........


You could see a +0 flail of chaos and jacek's ghost.

Vanquished Creatures
  Erolcha (D:9)
  3 death yaks (D:11)
  4 two-headed ogres
  An ugly thing (D:11)
  2 manticores
  Maggie (D:6)
  An unseen horror (D:11)
  2 trolls (D:9)
  A wraith (D:11)
  2 wyverns
  7 yaks (D:8)
  A steam dragon (D:9)
  A necrophage (D:5)
  4 orc warriors
  A black bear (D:5)
  2 ogres (D:6)
  2 centaurs
  2 phantoms
  A kobold brigand (D:9)
  3 bullfrogs
  3 scorpions
  A water moccasin zombie (D:5)
  4 wights (D:9)
  3 howler monkeys
  4 centaur zombies
  A bullfrog zombie (D:5)
  A bullfrog skeleton (D:5)
  A hound (D:6)
  3 orc priests
  A gnoll shaman (D:7)
  An iguana (D:5)
  Natasha (thrice) (D:2)
  9 orc wizards
  4 hell rats (D:11)
  A killer bee zombie (D:7)
  A howler monkey zombie (D:6)
  3 gnolls (D:7)
  2 adders (D:5)
  A howler monkey skeleton (D:5)
  2 river rats (D:11)
  A shadow imp (D:7)
  A white imp (D:7)
  An adder skeleton (D:4)
  A spectral white imp (D:7)
  2 worms (D:2)
  5 dart slugs
  26 orcs
  3 endoplasms
  4 giant cockroaches
  7 hobgoblins
  3 jackals (D:2)
  13 kobolds
  3 quokkas
  4 ball pythons
  4 bats
  A frilled lizard (D:2)
  A hobgoblin zombie (D:2)
  3 rats
174 creatures vanquished.

Vanquished Creatures (collateral kills)
  A cyclops (D:11)
  2 yaks (D:8)
  An orc warrior (D:8)
  A black bear (D:8)
  An ice beast (D:5)
  2 centaurs
  A phantom (D:5)
  4 howler monkeys
  3 orc priests
  A hound (D:6)
  3 orc wizards
  A hell rat (D:11)
  A howler monkey zombie (D:7)
  A white imp (D:6)
  5 orcs
  3 ball pythons
  An endoplasm (D:1)
  A goblin (D:2)
  A hobgoblin (D:1)
  2 kobolds (D:1)
  A quokka (D:1)
  A frilled lizard (D:2)
38 creatures vanquished.

Vanquished Creatures (others)
  An ugly thing zombie (D:11)
  A death yak zombie (D:11)
  A two-headed ogre zombie (D:11)
  A manticore zombie (D:11)
  A wyvern zombie (D:8)
  2 yak zombies (D:8)
  A centaur zombie (D:8)
  A scorpion zombie (D:6)
  2 ogre zombies
  2 hell rat zombies (D:11)
  2 howler monkey zombies (D:8)
  An adder zombie (D:1)
  A spectral shadow imp (D:7)
  A spectral white imp (D:6)
  2 bat zombies
  4 gnoll zombies (D:7)
  A river rat zombie (D:11)
  3 ball python zombies
  A giant cockroach zombie (D:1)
  A hobgoblin zombie (D:1)
  A jackal zombie (D:2)
  6 kobold zombies
  16 orc zombies
  2 quokka zombies
  A spectral endoplasm (D:1)
56 creatures vanquished.

Grand Total: 268 creatures vanquished

Notes
Turn   | Place    | Note
-------+----------+-------------------------------------------
     0 | D:1      | argonath2 the Deep Dwarf Fighter began the quest for the
                  | Orb.
     0 | D:1      | Reached XP level 1. HP: 20/20 MP: 1/1
    70 | D:1      | Found a faded altar of an unknown god.
    76 | D:1      | Prayed at the altar of an unknown god.
    76 | D:1      | Became a worshipper of Yredelemnul the Dark
    76 | D:1      | Reached * piety under Yredelemnul
   146 | D:1      | Reached XP level 2. HP: 22/27 MP: 2/2
   887 | D:1      | Reached XP level 3. HP: 27/34 MP: 3/3
  1265 | D:2      | Noticed Natasha
  1276 | D:2      | Killed Natasha
  1287 | D:2      | Identified the +5 rapier of Jom Daol {freeze, Str+5 Int+5}
  1455 | D:2      | Reached XP level 4. HP: 33/42 MP: 4/4
  1483 | D:2      | Noticed Natasha
  1493 | D:2      | Killed Natasha
  1494 | D:2      | Reached skill level 1 in Short Blades
  1655 | D:2      | Noticed Natasha
  1667 | D:2      | Killed Natasha
  2401 | D:3      | Reached XP level 5. HP: 49/49 MP: 5/5
  2430 | D:3      | Identified the +7 whip "Jewohau" {protect, rC+}
  2559 | D:3      | Reached ** piety under Yredelemnul
  2888 | D:4      | Found Jeushrupp's Antique Weapon Shoppe.
  3002 | D:4      | Reached skill level 1 in Stealth
  3023 | D:4      | Found a bloodstained altar of Trog.
  3066 | D:4      | Noticed a phantom
  3086 | D:4      | Killed a phantom
  3087 | D:4      | Reached skill level 1 in Maces & Flails
  3087 | D:4      | Reached skill level 1 in Dodging
  3087 | D:4      | Reached XP level 6. HP: 50/56 MP: 6/6
  3144 | D:4      | Reached skill level 1 in Throwing
  3187 | D:4      | Found Tiroc's Armour Emporium.
  3200 | D:4      | Bought a +1 ring mail of fire resistance for 176 gold
                  | pieces
  3229 | D:5      | Entered Level 5 of the Dungeon
  3263 | D:5      | Reached skill level 1 in Invocations
  3280 | D:5      | Noticed an ice beast
  3294 | D:5      | Killed an ice beast
  3295 | D:5      | Reached skill level 2 in Maces & Flails
  3295 | D:5      | Reached skill level 1 in Evocations
  3324 | D:5      | Reached XP level 7. HP: 53/64 MP: 7/7
  3366 | D:5      | Reached skill level 5 in Armour
  3560 | D:5      | Reached skill level 3 in Maces & Flails
  3696 | D:5      | Reached XP level 8. HP: 67/73 MP: 7/7
  3802 | D:5      | Reached skill level 4 in Maces & Flails
  4049 | D:6      | Found an ornate altar of the Wu Jian Council.
  4069 | D:6      | Reached skill level 5 in Maces & Flails
  4100 | D:6      | Found a sand-covered staircase.
  4194 | D:6      | Found a blossoming altar of Fedhas.
  4223 | D:6      | Noticed Maggie
  4249 | D:6      | Killed Maggie
  4250 | D:6      | Reached skill level 6 in Maces & Flails
  4596 | D:7      | Found a stormy altar of Qazlal.
  4603 | D:7      | Reached skill level 5 in Fighting
  4946 | D:7      | Found a staircase to the Ecumenical Temple.
  4956 | D:7      | Found a hide-covered altar of Uskayaw.
  5105 | D:7      | Found a white marble altar of Elyvilon.
  5156 | D:7      | Found a sacrificial altar of Ru.
  5287 | D:7      | Gained mutation: You passively map the area around you.
                  | [Deep Dwarf growth]
  5287 | D:7      | Reached XP level 9. HP: 50/81 MP: 7/9
  5426 | D:8      | Reached skill level 7 in Maces & Flails
  5505 | D:8      | Reached skill level 1 in Bows
  5532 | D:8      | Reached skill level 5 in Shields
  5549 | D:8      | Reached skill level 8 in Maces & Flails
  5671 | D:8      | Reached *** piety under Yredelemnul
  5702 | D:8      | Reached XP level 10. HP: 67/91 MP: 5/10
  6195 | D:9      | Found a burning altar of Makhleb.
  6298 | D:9      | Noticed Erolcha
  6349 | D:9      | Killed Erolcha
  6350 | D:9      | Reached skill level 9 in Maces & Flails
  6394 | D:9      | Noticed a two-headed ogre
  6406 | D:9      | Killed a two-headed ogre
  6407 | D:9      | Reached skill level 5 in Dodging
  6462 | D:9      | Your ally Erolcha died
  6494 | D:9      | Noticed a two-headed ogre
  6509 | D:9      | Killed a two-headed ogre
  6988 | D:10     | Entered Level 10 of the Dungeon
  7164 | D:10     | Reached skill level 1 in Long Blades
  7164 | D:10     | Reached XP level 11. HP: 64/99 MP: 9/9
  7569 | D:11     | Noticed a red ugly thing
  7581 | D:11     | Killed a red ugly thing
  7602 | D:11     | Noticed a death yak
  7607 | D:11     | Noticed a death yak
  7636 | D:11     | Noticed a death yak
  7638 | D:11     | Found a runed translucent door.
  7639 | D:11     | Found a shimmering altar of Xom.
  7639 | D:11     | Noticed jacek's ghost (journeyman DDCA)
  7640 | D:11     | Noticed a +0 flail of chaos
  7656 | D:11     | Killed a death yak
  7675 | D:11     | Killed a death yak
  7683 | D:11     | Killed a death yak
  7693 | D:11     | Noticed a two-headed ogre
  7703 | D:11     | Killed a two-headed ogre
  7704 | D:11     | Reached skill level 5 in Long Blades
  7789 | D:11     | Noticed a two-headed ogre
  7799 | D:11     | Killed a two-headed ogre
  7889 | D:11     | Found a staircase to the Lair.
  8214 | D:11     | HP: 3/103 [+0 flail of chaos (13)]
  8219 | D:11     | HP: 1/103 [+0 flail of chaos (2)]
  8219 | D:11     | Slain by a +0 flail of chaos

Illustrated notes

Levels and vault maps discovered:
D:1:      psy_arrival_terrarium, layout_basic,
          dreamdust_ecumenical_altar_angels_and_demons
D:2:      layout_loops_corners, kennysheep_generic_room_7, uniq_natasha
D:3:      layout_loops_ring, chequers_serial_rivers_room_b
D:4:      layout_loops_ring, mainiacjoe_overflow_surrounded_room,
          kennysheep_little_box, slow_altar_2, serial_shops,
          nicolae_shop_window_shopping, shop, nicolae_stop_n_shop_1, shop,
          nicolae_figureground_pulse
D:5:      layout_basic
D:6:      layout_loops_ring, lemuel_crystal_altar, amcnicky_altar_gilded,
          enter_ossuary_3, uniq_maggie
D:7:      layout_rooms, nicolae_overflow_quartered_altars,
          minmay_temple_entry_wispy
D:8:      layout_basic, grunt_ministairs_13
D:9:      layout_loops_ring, overflow_temple_1_default, uniq_erolcha
D:10:     layout_big_octagon
D:11:     layout_small_grid, dpeg_lair_monsters, ebering_ghost_xom

Skill      XL: |  1  2  3  4  5  6  7  8  9 10 11 |
---------------+----------------------------------+-----
Fighting       | 3 4 5 6 7 |  7.8
Axes           | 3 |  3.1
Armour         | 4 5 6 7 8 |  8.3
Short Blades   | 1 2 |  2.4
Stealth        | 1 2 3 |  3.7
Maces & Flails | 1 2 3 6 8 9 |  9.8
Dodging        | 1 2 4 5 6 |  6.6
Throwing       | 1 2 |  2.3
Invocations    | 1 2 3 |  3.1
Shields        | 4 5 6 |  6.2
Evocations     | 1 2 3 |  3.5
Bows           | 1 2 |  2.1
Long Blades    | 1 5 |  5.5

Action                   |  1- 3 |  4- 6 |  7- 9 | 10-12 || total
-------------------------+-------+-------+-------+-------++-------
Melee: War axe           |    52 |       |       |       ||    52
       Rapier            |    14 |    38 |       |       ||    52
       Whip              |       |    78 |   284 |   108 ||   470
       Punch             |       |       |     2 |       ||     2
       Great sword       |       |       |       |   103 ||   103
       Scimitar          |       |       |       |     8 ||     8
       Shortbow          |       |       |       |     1 ||     1
 Fire: Shortbow          |       |       |    16 |    21 ||    37
Throw: Stone             |    20 |    13 |    14 |     4 ||    51
       Boomerang         |       |       |       |    18 ||    18
Invok: Recall Undead Har |     1 |     3 |     4 |       ||     8
       Dark Bargain      |       |       |     2 |     1 ||     3
 Abil: Heal Wounds       |     3 |     1 |     7 |    34 ||    45
Evoke: Wand              |       |    10 |    11 |     6 ||    27
  Use: Scroll            |       |     6 |     8 |     3 ||    17
       Potion            |       |       |       |     1 ||     1
 Stab: Distracted        |     1 |       |     1 |     1 ||     3
Armor: Scale mail        |    33 |    54 |       |       ||    87
       Ring mail         |       |    18 |   157 |   232 ||   407
Dodge: Dodged            |    42 |    54 |   140 |   176 ||   412
Block: Buckler           |    13 |    24 |    45 |     6 ||    88
